 Dungeon Crawl Stone Soup version 0.26-a0-412-ga3d1f51b80 (webtiles) character file.

Game seed: 17066157747282500253

1062 KristoblXynda the Ruffian (level 8, -2/66 (67) HPs)
             Began as a Troll Hedge Wizard on July 24, 2020.
             Slain by a gnoll
             ... wielding a +1 spear of electrocution
              (6 damage)
             ... on level 4 of the Dungeon.
             The game lasted 00:08:19 (3220 turns).

KristoblXynda the Ruffian (Troll Hedge Wizard)      Turns: 3220, Time: 00:08:20

HP:   -2/66 (67)    AC:  6    Str: 19    XL:     8   Next: 6%
MP:   10/10         EV: 11    Int: 12    God:
Gold: 221           SH:  0    Dex:  9    Spells: 7/11 levels left

rFire    . . .     SeeInvis .     - Unarmed
rCold    . . .     Faith    .   (no shield)
rNeg     . . .     Spirit   .   b - +0 robe
rPois    +         Reflect  .   c - +0 hat
rElec    .         Harm     .   (no cloak)
rCorr    .                      (gloves unavailable)
MR       .....                  (boots unavailable)
Stlth    +.........             (no amulet)
HPRegen  0.61/turn              o - ring of wizardry
MPRegen  0.12/turn              n - ring of poison resistance

@: lethally poisoned (-2 -> -11)
A: large, unfitting armour, claws 3, regeneration 1, shaggy fur 1, tough skin 3
a: no special abilities


You were on level 4 of the Dungeon.
You visited 1 branch of the dungeon, and saw 4 of its levels.
You also visited: Sewer.

You collected 221 gold pieces.

Inventory:

Armour
 b - a +0 robe (worn)
 c - a +0 hat (worn)
Jewellery
 k - a +6 ring of dexterity
 n - a ring of poison resistance (right claw)
 o - a ring of wizardry (left claw)
Scrolls
 a - 4 scrolls of remove curse
 d - 5 scrolls of teleportation
 g - a scroll of identify
 i - a scroll of fear
 j - a scroll of fog
 m - a scroll of amnesia
Potions
 e - 3 potions of lignification
 f - 6 potions of curing
 h - 4 potions of heal wounds
 l - 2 potions of flight
 p - a potion of brilliance
 q - a potion of stabbing


   Skills:
 + Level 4.8 Dodging
 - Level 1.0 Stealth
 + Level 5.2 Unarmed Combat
 - Level 2.0 Spellcasting
 + Level 4.0 Conjurations
   Level 0.6 Summonings
   Level 0.6 Translocations


You had 7 spell levels left.
You knew the following spells:

 Your Spells              Type           Power        Failure   Level
a - Magic Dart            Conj           ##..         2%          1
b - Mephitic Cloud        Conj/Pois/Air  #.......     19%         3

Your spell library contained the following spells:

 Spells                   Type           Power        Failure   Level
 Blink                    Tloc           N/A          13%         2
 Call Imp                 Summ           #.......     13%         2
 Conjure Flame            Conj/Fire      #.......     14%         3
 Slow                     Hex            #.......     16%         2


Dungeon Overview and Level Annotations

Branches:
Dungeon (4/15)              Sewer (visited)
 Temple: D:4-7

Altars:
Kikubaaqudgha
Makhleb
Nemelex Xobeh
Trog
Yredelemnul

Annotations:
D:4 1 transporter, Elizilla's ghost, novice FoFi


Innate Abilities, Weirdness & Mutations

You are too large for most types of armour.
You have claws for hands.
Your natural rate of healing is unusually fast.
You are covered in fur. (AC +1)
You have extremely tough skin. (AC +3)


Message History

You tear a large gash into the net.
You struggle against the net.
The gnoll hits you from afar with a +1 spear of electrocution.
You rip the net and break free!
The gnoll hits you from afar with a +1 spear of electrocution!
The gnoll hits you but does no damage.
You are electrocuted!
The gnoll misses you. The gnoll hits you but does no damage.
You are electrocuted!
A gnoll opens the door.
The gnoll hits you from afar with a +0 halberd of venom!
* * * LOW HITPOINT WARNING * * *
You are poisoned.
The gnoll hits you with a +1 spear of electrocution!
* * * LOW HITPOINT WARNING * * *
You claw the gnoll!
The gnoll is heavily wounded.
* * * LOW HITPOINT WARNING * * *
You feel sick. The gnoll closely misses you.
The gnoll hits you with a +1 spear of electrocution.
You die...

...≈≈≈≈≈≈≈≈≈≈≈...≈≈≈≈≈≈≈≈≈≈≈...#
.#.≈≈≈≈≈≈≈≈≈≈≈...≈≈≈≈≈≈≈≈≈≈≈...#
...≈≈#####"........(.#####≈≈...#
#..≈≈#.#.#.###.©.###.#.#.#≈≈..##
#..≈≈#...###.#####©###...#≈≈..#
#..≈≈###....!..........###≈≈..#
#..≈≈.8#.######g######.#8.≈≈..#
#..≈≈.##.#.gW#8.P#P⌠P#.##.≈≈..#
#..≈≈.#..'..:#⌠©@...g'..#.≈≈..#
#..≈≈.##.#...#8gP#P⌠P#.##.≈≈..#
#..≈≈.8#.######g######.#8.≈≈..#
#..≈≈###.......g.g.....###≈≈..#
#..≈≈#!..###.#####.###...#≈≈..#
#..≈≈#.#.#.###.©.###.#.#.#≈≈..#
#..≈≈#####...........#####≈≈..#
#..≈≈≈≈≈≈≈≈≈≈≈≈≈≈≈≈≈≈≈≈≈≈≈≈≈..#
#..≈≈≈≈≈≈≈≈≈≈≈≈≈≈≈≈≈≈≈≈≈≈≈≈≈.##


You could see 5 gnolls.

Vanquished Creatures
  Grinder (Sewer)
  A necrophage (Sewer)
  A big kobold (Sewer)
  A scorpion (D:4)
  A wight (Sewer)
  2 vampire bats (D:4)
  A howler monkey (D:4)
  A hound (D:4)
  An orc wizard (D:4)
  2 orc priests
  4 big kobold zombies (Sewer)
  A hound skeleton (D:4)
  3 gnolls (D:4)
  11 adders
  2 shadow imps (Sewer)
  An ufetubus (Sewer)
  3 oozes
  3 worms
  A dart slug (D:2)
  4 leopard geckos
  13 orcs
  8 bats
  A bat skeleton (D:4)
  6 bat zombies
  7 giant cockroaches
  11 goblins
  6 hobgoblins
  A quokka (D:2)
  6 ball pythons
  6 frilled lizards
  16 kobolds
  A kobold zombie (Sewer)
  2 quokka skeletons
  3 rats
132 creatures vanquished.

Notes
Turn   | Place    | Note
-------+----------+-------------------------------------------
     0 | D:1      | KristoblXynda the Troll Hedge Wizard began the quest for
                  | the Orb.
     0 | D:1      | Reached XP level 1. HP: 16/16 MP: 2/2
    69 | D:1      | Reached skill level 1 in Conjurations
   133 | D:1      | Reached XP level 2. HP: 24/24 MP: 4/4
   231 | D:1      | Reached skill level 1 in Unarmed Combat
   628 | D:2      | Reached XP level 3. HP: 31/31 MP: 5/5
  1075 | D:2      | Reached skill level 2 in Unarmed Combat
  1087 | D:2      | Reached XP level 4. HP: 28/39 MP: 6/6
  1485 | D:3      | Reached XP level 5. HP: 22/45 MP: 7/7
  1760 | D:3      | Found a sparkling altar of Nemelex Xobeh.
  1760 | D:3      | Found a basalt altar of Yredelemnul.
  1761 | D:3      | Found a bloodstained altar of Trog.
  2106 | D:4      | Found a burning altar of Makhleb.
  2219 | D:4      | Reached skill level 3 in Unarmed Combat
  2243 | D:4      | Reached XP level 6. HP: 6/53 MP: 8/8
  2378 | D:4      | Found a glowing drain.
  2403 | Sewer    | Entered a sewer
  2508 | Sewer    | Learned a level 3 spell: Mephitic Cloud
  2568 | Sewer    | Found an ancient bone altar of Kikubaaqudgha.
  2593 | Sewer    | Noticed Grinder
  2613 | Sewer    | Reached skill level 4 in Unarmed Combat
  2613 | Sewer    | Reached XP level 7. HP: 49/59 MP: 9/9
  2623 | Sewer    | Killed Grinder
  2931 | D:4      | Reached skill level 5 in Unarmed Combat
  3073 | D:4      | Found an ancient bone altar of Kikubaaqudgha.
  3086 | D:4      | Reached XP level 8. HP: 59/66 MP: 10/10
  3183 | D:4      | Found a transporter.
  3184 | D:4      | Found a transporter.
  3197 | D:4      | Noticed Elizilla's ghost (novice FoFi)
  3220 | D:4      | Slain by a gnoll

Illustrated notes

Levels and vault maps discovered:
D:1:      zaba_arrival_water, layout_basic
D:2:      layout_loops_ring
D:3:      layout_loops_ring, gammafunk_temple_overflow_claw
D:4:      layout_rooms, nicolae_overflow_hidden_temple,
          kennysheep_vampire_church, portal_sewer_entry_a,
          gammafunk_ghost_gnarly_gnolls

Skill      XL: |  1  2  3  4  5  6  7 |
---------------+----------------------+-----
Conjurations   | 1 2 3 4 |  4.0
Unarmed Combat | 1 2 3 4 5 |  5.2
Dodging        | 2 3 4 |  4.8
Stealth        | |  1.0
Spellcasting   | |  2.0
Summonings     | |  0.6
Translocations | |  0.6

Action                   |  1- 3 |  4- 6 |  7- 9 || total
-------------------------+-------+-------+-------++-------
Melee: Unarmed           |    98 |   282 |    83 ||   463
       Punch             |       |     6 |     5 ||    11
  Use: Potion            |       |     2 |       ||     2
       Scroll            |       |     7 |     5 ||    12
 Stab: Sleeping          |     3 |     4 |       ||     7
Armor: Robe              |    47 |   101 |    61 ||   209
       Skin              |       |    21 |     3 ||    24
Dodge: Dodged            |    58 |   181 |    73 ||   312

Table legend: (Time is in decaauts)
 A = Elapsed time spent in this place.
 B = Non-inter-level travel time spent in this place.
 C = Inter-level travel time spent in this place.
 D = Time resting spent in this place.
 E = Time spent auto-exploring this place.
 F = Levels seen in this place.
 G = Mean time per level.
                   A        B        C        D        E       F      G
               +--------+--------+--------+--------+--------+-----+--------+
         Total |   3211 |   3160 |     51 |    381 |   1508 |   5 |  642.2 |
       Dungeon |   2819 |   2768 |     51 |    342 |   1508 |   4 |  704.8 |
         Sewer |    392 |    392 |      0 |     39 |      0 |   1 |  392.0 |
               +--------+--------+--------+--------+--------+-----+--------+

Top non-repeatable levels by time:
     D:2: 789 daAuts
     D:4: 714 daAuts
     D:3: 685 daAuts
     D:1: 629 daAuts
   Sewer: 392 daAuts
